 Dungeon Crawl Stone Soup version 0.31-a0-810-ga77100ea1a (webtiles) character file.

Game seed: 2982063066643713727

11757 lunkers the Cleaver (level 12, -11/103 HPs)
             Began as a Meteoran Earth Elementalist on Sept 20, 2023.
             Was a High Priest of Ru.
             Killed from afar by a rime drake (18 damage)
             ... with an icy flash freeze
             ... on level 1 of the Lair of Beasts on Sept 21, 2023.
             The game lasted 00:23:06 (5123 turns).

lunkers the Cleaver (Meteoran Earth Elementalist)   Turns: 5123, Time: 00:23:07

Health: -11/103    AC:  9    Str:  9    XL:     12   Next: 39%
Magic:  6/21       EV: 12    Int: 23    God:    Ru [*****.]
Gold:   603        SH:  0    Dex: 19    Spells: 8/22 levels left

rFire   + + +        r - +6 hand axe of Abuse {protect, Str+2 Int+3}
rCold   + . .        (shield unavailable)
rNeg    + . .        i - +2 scale mail {rN+}
rPois   .            (no helmet)
rElec   +            (no cloak)
rCorr   .            (no gloves)
SInv    .            (no boots)
Will    +....        G - amulet of regeneration
Stlth   +            (ring unavailable)
HPRegen 1.17/turn    D - ring of Daoruod {rElec rF+++ rC+ Str-4 Dex+3}
MPRegen 0.17/turn

%: no passive effects
@: glowing
A: sense surroundings 2, missing a hand, hated by all, unskilled 1,
otherworldly, glowing, explore regen
a: Renounce Religion, Sacrifice an Eye, Sacrifice Arcana, Sacrifice Stealth,
Reject Sacrifices, Draw Out Power, Power Leap, Apocalypse


You were on level 1 of the Lair of Beasts.
You worshipped Ru.
Ru was extremely pleased with you.
You visited 2 branches of the dungeon, and saw 12 of its levels.

You collected 603 gold pieces.

Inventory:

Hand Weapons
 r - the +6 hand axe of Abuse (weapon) {protect, Str+2 Int+3}
   (You found it on level 4 of the Dungeon)

   Str+2:     It affects your strength (+2).
   Int+3:     It affects your intelligence (+3).
Armour
 a - a +1 robe
 i - a +2 scale mail of positive energy (worn)
Jewellery
 c - a +6 ring of intelligence
 p - a +5 ring of evasion
 w - a ring of poison resistance
 x - a +5 ring of evasion
 y - a ring of protection from fire
 B - an amulet of faith
 D - the ring of Daoruod (right hand) {rElec rF+++ rC+ Str-4 Dex+3}
   (You found it on level 10 of the Dungeon)

   [ring of protection from cold]

   Str-4:     It affects your strength (-4).
   Dex+3:     It affects your dexterity (+3).
   rF+++:     It renders you almost immune to fire.
   rC+:       It protects you from cold.
   rElec:     It insulates you from electricity.
 E - a ring of fire
 G - an amulet of regeneration (around neck)
Wands
 f - a wand of roots (21)
 s - a wand of paralysis (15)
Scrolls
 d - 4 scrolls of teleportation
 k - 2 scrolls of brand weapon
 m - 2 scrolls of silence
 n - 4 scrolls of fear
 q - 3 scrolls of enchant armour
 A - 5 scrolls of vulnerability
Potions
 b - a potion of magic
 e - 2 potions of berserk rage
 g - a potion of heal wounds {unknown}
 h - 3 potions of attraction
 j - a potion of curing
 l - 3 potions of mutation
 o - 2 potions of haste {unknown}
 t - 2 potions of brilliance {unknown}
 u - 2 potions of degeneration {unknown}
 v - 3 potions of enlightenment
 z - a potion of lignification {unknown}
 C - a potion of resistance {unknown}
 F - 2 potions of might {unknown}


   Skills:
 + Level 8.4 Fighting
 - Level 10.0 Axes
 - Level 4.0 Armour
 + Level 8.8 Dodging
 - Level 1.2 Stealth
 - Level 5.8 Spellcasting
 - Level 5.5 Conjurations
 - Level 1.1 Transmutations
 - Level 8.4 Earth Magic


You had 8 spell levels left.
You knew the following spells:

 Your Spells              Type           Power      Damage    Failure   Level
a - Stone Arrow           Conj/Erth      76%        3d11      11%         3
b - Passwall              Tmut/Erth      23%        N/A       13%         2
c - Sandblast             Erth           90%        2d19      1%          1
d - Brom's Barrelling Bo  Conj/Erth      38%        2d6       34%         4
e - Petrify               Tmut/Erth      28%        N/A       65%         4

Your spell library contained the following spells:

 Spells                   Type           Power      Damage    Failure   Level
 Ensorcelled Hibernation  Hex/Ice        12%        N/A       67%         2
 Ozocubu's Armour         Ice            6%         N/A       88%         3
 Swiftness                Air            6%         N/A       88%         3
 Ozocubu's Refrigeration  Ice            3%         4d8       100%        7


Dungeon Overview and Level Annotations

Branches:
Dungeon (11/15) Zot: 1655  Temple (0/1) D:5            Lair (1/5) D:11 Zot: 356
    Orc (0/2) D:10

Altars:
Ashenzari
Dithmenos
Kikubaaqudgha
Qazlal
Ru
Sif Muna
Trog
Vehumet
Wu Jian
Xom

Shops:
D:1 !((=[   D:2 [   D:4 ?

Annotations:
D:3 2 runed translucent doors
D:10 exclusion: statue


Innate Abilities, Weirdness & Mutations

You passively map the area around you.
You are missing a hand.
You are hated by all.
You are somewhat unskilled. (-1 Apt)
You are easily found by Zot.
You glow in the dark.
You regain HP and MP as you explore.


Message History

* * * LOW HITPOINT WARNING * * *
You stumble backwards!
You focus your inner power and blind the elephant in retribution!
The elephant barely misses you. The elephant trunk-slaps you.
* * * LOW HITPOINT WARNING * * *
The elephant tramples you!
* * * LOW HITPOINT WARNING * * *
You hold your ground!
The elephant trunk-slaps you but does no damage.
Unknown command.
Aiming: Sandblast (safe; 1% risk of failure)
Press: ? - help, Q - select action, (/) - cycle Shift-Dir - straight line, f - elephant
Aim: an elephant (lightly wounded, 100% to hit)
The blast of sand hits the elephant.
The elephant is lightly wounded.
* * * LOW MAGIC WARNING * * *
The rime drake is no longer moving slowly.
The elephant tramples you.
* * * LOW HITPOINT WARNING * * *
You hold your ground!
The elephant closely misses you.
You redirect the elephant's attack!
The elephant tramples the elephant.
The elephant stumbles backwards!
Unknown command.
Aiming: Sandblast (safe; 1% risk of failure)
Press: ? - help, Q - select action, (/) - cycle Shift-Dir - straight line, f/p - elephant
Aim: an elephant (lightly wounded, 100% to hit)
The blast of sand hits the elephant!
The elephant is moderately wounded.
* * * LOW MAGIC WARNING * * *
The elephant tramples you!
* * * LOW HITPOINT WARNING * * *
You stumble backwards!
The elephant is stunned by your conviction and fails to attack.
The elephant attacks as it pursues you! The elephant tramples you!
* * * LOW HITPOINT WARNING * * *
You hold your ground!
The elephant trunk-slaps you but does no damage.
The rime drake breathes ice at you. The icy flash freeze hits you!!
You partially resist.
You die...

,, * ................. ,
,...............#. ,, ,
.#...........#### *
##..........## ## , , * *
#......#...## ##. **
##.......#...##... .,
##..Y......#.......
....##...k....†.#.......
*.......@...Y......#.....
*#.......##..............
*
##......###.............
#P.....# #.............
##.....#*##..........##
#...... #...##...###
##..P.. *#...###..#
#......##...##..## ## *
##.........####Y


You could see 2 elephants and a rime drake (catching breath).

Vanquished Creatures
  2 boulder beetles
  Amaemon (D:11)
  An ugly thing (D:11)
  2 elephants (Lair:1)
  An orange demon (D:11)
  2 komodo dragons
  An unseen horror (D:11)
  A troll (D:11)
  Grinder (D:3)
  Sigmund (D:2)
  A shadow (D:11)
  3 wraiths
  10 yaks
  A vampire (D:9)
  A wyvern (D:10)
  A basilisk (Lair:1)
  Eustachio (D:5)
  A steam dragon (D:9)
  An acid dragon (D:9)
  5 orc warriors
  3 water moccasins
  3 ice beasts
  2 sky beasts
  An ogre (D:6)
  A wolf (D:11)
  3 centaurs
  A phantom (D:4)
  3 kobold brigands
  2 bullfrogs
  4 scorpions
  13 wights
  11 killer bees (D:9)
  An electric eel (D:7)
  A howler monkey (D:11)
  3 orc priests
  3 hounds
  2 jellies
  Jessica (D:2)
  Natasha (twice) (D:4)
  2 iguanas
  12 orc wizards
  3 gnolls (D:5)
  8 adders
  A white imp (D:6)
  4 dart slugs
  29 orcs
  6 bats
  6 endoplasms
  A giant cockroach (D:2)
  5 goblins
  3 hobgoblins
  7 jackals
  2 quokkas (D:3)
  2 ball pythons
  3 frilled lizards
  12 kobolds
  2 rats
206 creatures vanquished.

Vanquished Creatures (collateral kills)
  2 boulders
2 creatures vanquished.

Vanquished Creatures (others)
  An elephant (Lair:1)
  An orc (D:8)
  3 boulders
5 creatures vanquished.

Grand Total: 213 creatures vanquished

Notes
Turn   | Place    | Note
-------+----------+-------------------------------------------
     0 | D:1      | lunkers the Meteoran Earth Elementalist began the quest for
                  | the Orb.
     0 | D:1      | Reached XP level 1. HP: 14/14 MP: 5/5
   113 | D:1      | Found Tuiffadd's Jewellery Emporium.
   129 | D:1      | Found Umpaask Noas's Antique Weapon Emporium.
   261 | D:1      | Found Tenuehib's Distillery.
   281 | D:1      | Reached XP level 2. HP: 20/20 MP: 3/6
   354 | D:1      | Found Sevodiod's Weapon Shoppe.
   421 | D:1      | Found Weseudof's Antique Armour Shop.
   424 | D:1      | Found a faded altar of an unknown god.
   436 | D:1      | Prayed at the altar of an unknown god.
   436 | D:1      | Became a worshipper of Ru the Awakened
   448 | D:1      | Gained mutation: You are missing a hand. [Ru sacrifice]
   448 | D:1      | Reached * piety under Ru
   448 | D:1      | Reached ** piety under Ru
   448 | D:1      | Reached *** piety under Ru
   502 | D:2      | Noticed Sigmund
   508 | D:2      | Killed Sigmund
   509 | D:2      | Reached XP level 3. HP: 17/26 MP: 3/9
   509 | D:2      | Reached XP level 4. HP: 22/33 MP: 3/11
   509 | D:2      | Reached XP level 5. HP: 25/38 MP: 3/12
   509 | D:2      | Reached XP level 6. HP: 30/45 MP: 3/13
   625 | D:2      | Noticed Jessica
   627 | D:2      | Killed Jessica
   683 | D:2      | Found Vumpiocy's Armour Emporium.
   751 | D:2      | Learned a level 2 spell: Passwall
   755 | D:2      | Learned a level 3 spell: Stone Arrow
   761 | D:2      | Learned a level 4 spell: Brom's Barrelling Boulder
   983 | D:3      | Found a large runed translucent door.
   983 | D:3      | Found a large runed translucent door.
  1054 | D:3      | Noticed Grinder
  1061 | D:3      | Killed Grinder
  1062 | D:3      | Reached skill level 5 in Spellcasting
  1062 | D:3      | Reached XP level 7. HP: 47/50 MP: 2/15
  1242 | D:3      | Found an ornate altar of the Wu Jian Council.
  1314 | D:4      | Found a shimmering blue altar of Sif Muna.
  1366 | D:4      | Identified the +6 hand axe of Abuse {protect, Str+2 Int+3}
  1456 | D:4      | Found Riotac's Magic Scroll Shop.
  1459 | D:4      | Noticed Natasha
  1462 | D:4      | Killed Natasha
  1473 | D:4      | Identified the +8 chain mail of Reason {Str-2 Dex+5 Stlth+}
  1496 | D:4      | Noticed Natasha
  1499 | D:4      | Killed Natasha
  1500 | D:4      | Reached XP level 8. HP: 57/57 MP: 8/17
  1664 | D:5      | Entered Level 5 of the Dungeon
  1677 | D:5      | Noticed Eustachio
  1680 | D:5      | Killed Eustachio
  1681 | D:5      | Reached skill level 5 in Conjurations
  1685 | D:5      | Found a shadowy altar of Dithmenos.
  1693 | D:5      | Gained mutation: You are hated by all. [Ru sacrifice]
  1693 | D:5      | Reached **** piety under Ru
  1693 | D:5      | Reached ***** piety under Ru
  1782 | D:5      | Found a stormy altar of Qazlal.
  1849 | D:5      | Found a staircase to the Ecumenical Temple.
  2014 | D:5      | Gained mutation: You passively map the area around you.
                  | [Meteoran growth]
  2014 | D:5      | Reached XP level 9. HP: 62/62 MP: 12/19
  2040 | D:5      | Reached skill level 1 in Fighting
  2102 | D:6      | Learned a level 4 spell: Petrify
  2669 | D:6      | Reached skill level 1 in Axes
  2723 | D:7      | Noticed a boulder beetle
  2732 | D:7      | Killed a boulder beetle
  2733 | D:7      | Reached skill level 3 in Axes
  2733 | D:7      | Reached skill level 5 in Dodging
  2733 | D:7      | Reached XP level 10. HP: 69/80 MP: 0/20
  2774 | D:7      | Reached skill level 5 in Fighting
  2774 | D:7      | Reached skill level 4 in Axes
  2824 | D:7      | Found a bloodstained altar of Trog.
  2865 | D:7      | Reached skill level 5 in Axes
  2943 | D:7      | Found an ancient bone altar of Kikubaaqudgha.
  2943 | D:7      | Found a broken altar of Ashenzari.
  3195 | D:8      | Reached skill level 6 in Axes
  3258 | D:8      | Found a shimmering altar of Xom.
  3363 | D:8      | Gained mutation: You are somewhat unskilled. (-1 Apt) [Ru
                  | sacrifice]
  3363 | D:8      | Reduced skill Axes to level 5
  3363 | D:8      | Reduced skill Dodging to level 5
  3363 | D:8      | Reduced skill Spellcasting to level 5
  3363 | D:8      | Reduced skill Conjurations to level 5
  3483 | D:9      | Reached skill level 6 in Axes
  3611 | D:9      | Reached XP level 11. HP: 51/89 MP: 7/20
  3725 | D:9      | Reached skill level 7 in Axes
  3854 | D:10     | Entered Level 10 of the Dungeon
  4049 | D:10     | Found a radiant altar of Vehumet.
  4152 | D:10     | Found a staircase to the Orcish Mines.
  4193 | D:10     | Identified the ring of Daoruod {rElec rF+++ rC+ Str-4
                  | Dex+3}
  4327 | D:10     | Reached skill level 8 in Axes
  4525 | D:11     | Noticed Amaemon
  4536 | D:11     | Killed Amaemon
  4567 | D:11     | Reached skill level 9 in Axes
  4613 | D:11     | Noticed a brown ugly thing
  4619 | D:11     | Killed a brown ugly thing
  4634 | D:11     | Noticed a boulder beetle
  4754 | D:11     | Killed a boulder beetle
  4755 | D:11     | Reached XP level 12. HP: 87/100 MP: 3/21
  4888 | D:11     | Found a staircase to the Lair.
  4894 | Lair:1   | Entered Level 1 of the Lair of Beasts
  4900 | Lair:1   | Reached skill level 10 in Axes
  5077 | Lair:1   | Upgraded the game from 0.31-a0-806-g0bc164a743 to
                  | 0.31-a0-810-ga77100ea1a
  5122 | Lair:1   | HP: 3/103 [elephant (13)]
  5123 | Lair:1   | Killed from afar by a rime drake

Illustrated notes

Levels and vault maps discovered:
D:1:      dpeg_arrival_boxes_within_box, layout_basic, serial_shops,
          nicolae_shop_hallway_stairs, shop, shop, nicolae_shop_waterfront,
          nicolae_shop_behind_doors, basic_ecumenical_altar
D:2:      layout_loops_ring, serial_shops,
          nicolae_shop_temple_entry_statues_fountains, minmay_pentomino_z2,
          uniq_robin, uniq_jessica, uniq_sigmund
D:3:      layout_rooms, jmf_multi_god_temple2, nemelex_diamond_rough_becter,
          nzn_wu_jian_council_hall, serial_curves, eino_curves_01,
          eino_curves_02, uniq_grinder
D:4:      layout_loops_ring, nicolae_sif_muna_condensation,
          nicolae_uskayaw_suspiria, serial_shops, nicolae_shop_gibbet_a_chance,
          uniq_natasha
D:5:      layout_loops_ring, nicolae_dithmenos_shadow_blocks,
          nicolae_overflow_hidden_temple, fedhas_altar_fruit_tree,
          mainiacjoe_overflow_chevrons, minmay_temple_entry_gardened_gates,
          chequers_garden, chequers_big_river, uniq_ijyb, uniq_prince_ribbit1,
          uniq_eustachio
D:6:      layout_loops_ring, hangedman_glass_teeth, chequers_jeans
D:7:      layout_loops_ring, lemuel_round_altar, nicolae_overflow_squiral
D:8:      layout_basic, mainiacjoe_overflow_concentric_impassable,
          hangedman_decor_diamond_cutter
D:9:      layout_roguey, minmay_strange_pillars
D:10:     layout_basic, vehumet_statue, orc_0_dummy
D:11:     layout_rooms, grunt_lair_entry_orc_guard_hut, st_stairs_11, uniq_grum,
          uniq_amaemon
Lair:1:   layout_layer_cave

Skill      XL: |  1  2  3  4  5  6  7  8  9 10 11 12 |
---------------+-------------------------------------+-----
Earth Magic    | 4 6 7 9 8 |  8.4
Spellcasting   | 4 5 6 5 |  5.8
Conjurations   | 2 3 5 6 5 |  5.5
Fighting       | 4 5 7 8 |  8.4
Dodging        | 5 6 7 8 |  8.8
Axes           | 3 6 9 10 | 10.0
Armour         | 2 4 |  4.0
Stealth        | |  1.2
Transmutations | |  1.1

Action                     |  1- 3 |  4- 6 |  7- 9 | 10-12 || total
---------------------------+-------+-------+-------+-------++-------
  Melee: Unarmed           |       |     1 |     2 |       ||     3
         Hand axe          |       |       |     8 |   146 ||   154
   Cast: Sandblast         |    19 |    32 |    18 |    56 ||   125
         Stone Arrow       |       |     3 |    73 |   136 ||   212
         Brom's Barrelling |       |       |     6 |     2 ||     8
         Petrify           |       |       |       |     1 ||     1
         Passwall          |       |       |       |     1 ||     1
 Invoke: Sacrifice a Hand  |     1 |       |       |       ||     1
         Sacrifice Love    |       |       |     1 |       ||     1
         Sacrifice Skill   |       |       |       |     1 ||     1
         Draw Out Power    |       |       |       |     1 ||     1
    Use: Scroll            |       |       |    11 |     6 ||    17
         Potion            |       |       |       |     2 ||     2
   Stab: Paralysed         |       |       |       |     3 ||     3
         Invisible         |       |       |       |     5 ||     5
 Armour: Robe              |     3 |     4 |    21 |       ||    28
         Scale mail        |       |       |     2 |   214 ||   216
  Dodge: Dodged            |     3 |     9 |     4 |   193 ||   209

Table legend: (Time is in decaauts)
 A = Elapsed time spent in this place.
 B = Non-inter-level travel time spent in this place.
 C = Inter-level travel time spent in this place.
 D = Time resting spent in this place.
 E = Time spent auto-exploring this place.
 F = Levels seen in this place.
 G = Mean time per level.
                   A        B        C        D        E       F      G
               +--------+--------+--------+--------+--------+-----+--------+
         Total |   5186 |   5002 |    184 |      0 |   3487 |  12 |  432.2 |
       Dungeon |   4944 |   4760 |    184 |      0 |   3401 |  11 |  449.5 |
          Lair |    242 |    242 |      0 |      0 |     86 |   1 |  242.0 |
               +--------+--------+--------+--------+--------+-----+--------+

Top non-repeatable levels by time:
    D:10: 671 daAuts
     D:6: 586 daAuts
     D:1: 482 daAuts
     D:3: 469 daAuts
     D:9: 459 daAuts
     D:5: 435 daAuts
     D:7: 424 daAuts
     D:4: 416 daAuts
    D:11: 376 daAuts
     D:2: 326 daAuts
     D:8: 295 daAuts
  Lair:1: 242 daAuts
